 Dungeon Crawl Stone Soup version 0.15.0-12-gccce430 (webtiles) character file.

210 sprout the Sneak (level 5, -1/24 HPs)
             Began as a Vine Stalker Enchanter on Sept 1, 2014.
             Was an Initiate of Nemelex Xobeh.
             Slain by an adder (2 damage)
             ... on Level 3 of the Dungeon.
             The game lasted 00:12:37 (2386 turns).

sprout the Sneak (Vine Stalker Enchanter)           Turns: 2386, Time: 00:12:37

HP  -1/24        AC  3     Str 11      XL: 5   Next: 87%
MP   0/11        EV 12     Int 16      God: Nemelex Xobeh [......]
Gold 112         SH  0     Dex 14      Spells:  3 memorised,  2 levels left

rFire  . . .     SeeInvis .     v - plain deck of escape {drawn: 2}
rCold  . . .     Clarity  .     b - +1 robe
rNeg   . . .     rCorr    .     (no shield)
rPois  .         rRot     +     (no helmet)
rElec  .         Spirit   +     (no cloak)
SustAb .         Warding  .     (no gloves)
rMut   .         Stasis   .     (no boots)
Gourm  .                        (no amulet)
MR     .....                    (no ring)
                                (no ring)

@: lethally poisoned, not resistant to hostile enchantments, unstealthy
A: fangs 2, regeneration 1, magic shield, antimagic bite, no device heal 3, rot
immunity
a: Renounce Religion


You were on level 3 of the Dungeon.
You worshipped Nemelex Xobeh.
Nemelex Xobeh was noncommittal.
You were hungry.

You visited 1 branch of the dungeon, and saw 3 of its levels.

You collected 112 gold pieces.

Inventory:

Hand weapons
 a - a +1 dagger
Armour
 b - a +1 robe (worn)
Magical devices
 u - a wand of slowing (12) {unknown}
Comestibles
 d - 2 bread rations
 r - 2 meat rations
Scrolls
 f - 2 scrolls of enchant armour {unknown}
 h - a scroll of random uselessness {unknown}
 i - 4 scrolls of remove curse {unknown}
 j - a scroll of fear {unknown}
 k - 3 scrolls of identify {unknown}
 l - a scroll of teleportation {unknown}
 m - 2 scrolls of magic mapping {unknown}
 p - a scroll of recharging {unknown}
 t - a scroll of noise {unknown}
Potions
 e - 2 potions of brilliance {unknown}
 g - 3 potions of curing {unknown}
 n - a potion of degeneration {unknown}
 o - a potion of confusion {unknown}
 q - 2 potions of invisibility {unknown}
 w - a potion of restore abilities {unknown}
Books
 c - a book of Maledictions

   Spells                             Type                      Level
   *Corona                            Hexes                        1
   Sure Blade                         Hexes/Charms                 2
   *Ensorcelled Hibernation           Hexes/Ice                    2
   *Confuse                           Hexes                        3
   Dazzling Spray                     Conjuration/Hexes            3
   Enslavement                        Hexes                        4
 s - a book of Cantrips

   Spells                             Type                      Level
   *Corona                            Hexes                        1
   Animate Skeleton                   Necromancy                   1
   Summon Small Mammal                Summoning                    1
   Apportation                        Translocation                1
Miscellaneous
 v - a plain deck of escape {drawn: 2} (in hand)


   Skills:
 + Level 2.5 Short Blades
 - Level 1.5 Dodging
 * Level 6.3 Stealth
 - Level 2.1 Spellcasting
 + Level 4.0 Hexes


You had 2 spell levels left.
You knew the following spells:

 Your Spells              Type           Power        Failure   Level  Hunger
a - Corona                Hex            ##.....      4%          1    #......
b - Ensorcelled Hibernat  Hex/Ice        #.....       14%         2    ##.....
c - Confuse               Hex            ##......     12%         3    ####...


Dungeon Overview and Level Annotations

Branches:
Dungeon (3/15)

Altars:
Elyvilon
Nemelex Xobeh
Yredelemnul

Portals:
Sewer: D:3


Innate Abilities, Weirdness & Mutations

You have extremely sharp teeth.
Your natural rate of healing is unusually fast.
When hurt, damage is shared between your health and your magic reserves.
Your bite disrupts and absorbs the magic of your enemies.
Potions and wands cannot restore your health.
You are immune to rotting.


Message History

You draw a card...
It is Velocity.
The adder seems to slow down.
The giant mite seems to slow down.
You feel sick. The adder misses you. The adder bites you.
* * * LOW HITPOINT WARNING * * *
The adder bites you but does no damage. The adder bites you but does no damage.
You feel sick. The adder bites you.
* * * LOW HITPOINT WARNING * * *
The adder closely misses you. The adder barely misses you.
The giant mite is no longer moving slowly.
The adder closely misses you. The adder barely misses you.
The adder misses you. The adder bites you but does no damage.
You feel sick. The adder bites you.
* * * LOW HITPOINT WARNING * * *
You are lethally poisoned!
The adder poisons you! The adder barely misses you. The adder bites you.
You die...
Your body disappears without a glow.

#≈≈≈≈≈%≈≈≈≈# #..###.%.##.
#≈≈≈####≈≈≈# #...........
##≈##≈≈##≈##...........##.
#≈# ∩≈≈#≈#..#######......
#≈# ≈≈≈#≈#..# #..###.
##≈##≈≈##s##.# #..# #.
#≈≈≈#≈≈#≈≈≈#.# #..# #<
#≈≈≈≈≈≈#≈SS#.# #.## #.
##≈######@##.# #.####. ###
#.#..#######......
#............#####
##############


You could see 2 adders and a giant mite.

Vanquished Creatures
  7 adders
  4 gnolls
  2 giant mites (D:3)
  A worm (D:2)
  4 giant geckos
  An ooze (D:1)
  A ball python (D:1)
  3 giant cockroaches
  8 hobgoblins
  14 jackals
  9 kobolds
  4 quokkas
  5 bats
  3 giant newts
  2 gnoll zombies (D:2)
  9 goblins
  8 rats
85 creatures vanquished.

Notes
Turn   | Place    | Note
--------------------------------------------------------------
     0 | D:1      | sprout, the Vine Stalker Enchanter, began the quest for the Orb.
     0 | D:1      | Reached XP level 1. HP: 9/9 MP: 3/3
    84 | D:1      | Reached skill level 1 in Short Blades
   154 | D:1      | Reached skill level 4 in Stealth
   233 | D:1      | Reached XP level 2. HP: 5/13 MP: 3/5
   497 | D:1      | Learned a level 2 spell: Ensorcelled Hibernation
   838 | D:1      | Reached XP level 3. HP: 16/16 MP: 7/7
  1094 | D:2      | Reached skill level 5 in Stealth
  1134 | D:2      | Reached XP level 4. HP: 21/21 MP: 8/8
  1451 | D:2      | HP: 1/21 [gnoll/whip of flaming (1)]
  1699 | D:2      | Found a basalt altar of Yredelemnul.
  1712 | D:2      | Reached XP level 5. HP: 24/24 MP: 11/11
  1739 | D:2      | Learned a level 3 spell: Confuse
  1831 | D:2      | Reached skill level 6 in Stealth
  2205 | D:3      | Found a sparkling altar of Nemelex Xobeh.
  2205 | D:3      | Found a white marble altar of Elyvilon.
  2213 | D:3      | Became a worshipper of Nemelex Xobeh the Trickster
  2222 | D:3      | Received a gift from Nemelex Xobeh
  2359 | D:3      | Found a glowing drain.
  2385 | D:3      | HP: 1/24 [adder (2)]
  2386 | D:3      | Slain by an adder

Action                   |  1- 3 |  4- 6 || total
-------------------------+-------+-------++-------
Melee: Dagger            |   135 |   182 ||   317
 Cast: Ensorcelled Hiber |       |    14 ||    14
Evoke: Deck              |       |     2 ||     2
 Stab: Sleeping          |     6 |    11 ||    17
  Eat: Chunk             |     1 |       ||     1
       Bread ration      |       |     1 ||     1
